 Dungeon Crawl Stone Soup version 0.31.0-1-g2c135a0 (webtiles) character file.

Game seed: 16164839632254522783

226 JaredAshtonScott the Chopper (level 5, -6/61 HPs)
             Began as a Demonspawn Chaos Knight on Mar 7, 2024.
             Was a Plaything of Xom.
             Mangled by Grinder the hell beast (8 damage)
             ... on level 4 of the Dungeon.
             The game lasted 00:03:53 (2589 turns).

JaredAshtonScott the Chopper (DsCK)                 Turns: 2589, Time: 00:03:53

Health: -6/61      AC: 22    Str: 20    XL:     5   Next: 69%
Magic:  5/5        EV:  2    Int: 12    God:    Xom [......]
Gold:   141        SH:  4    Dex: 13    Spells: 4/4 levels left

rFire   + . .        a - +0 hand axe (chaos)
rCold   . . .        l - +0 buckler
rNeg    . . .        b - melded +2 leather armour
rPois   +            h - melded +1 helmet
rElec   .            (cloak currently unavailable)
rCorr   .            (gloves currently unavailable)
SInv    .            (boots currently unavailable)
Will    .....        (no amulet)
Stlth   ++           d - ring of protection from fire
HPRegen 0.30/turn    j - +6 ring of strength
MPRegen 0.09/turn

%: no passive effects
@: tree-form, attractive
A: stationary, stasis, torment immunity, boosted hp, demonic guardian 1,
(weakness stinger 1)
a: Renounce Religion


You were on level 4 of the Dungeon.
You worshipped Xom.
You were a very special plaything of Xom.
You were a tree.
You visited 1 branch of the dungeon, and saw 4 of its levels.

You collected 141 gold pieces.

Inventory:

Hand Weapons
 a - a +0 hand axe of chaos (weapon)
Armour
 b - a +2 leather armour (melded)
 h - a +1 helmet (melded)
 l - a +0 buckler (worn)
Jewellery
 d - a ring of protection from fire (left branch)
 j - a +6 ring of strength (right branch)
 k - a ring of willpower
Scrolls
 c - a scroll of butterflies
 g - 2 scrolls of poison
 o - a scroll of identify
 p - 2 scrolls of teleportation {unknown}
 q - a scroll of revelation {unknown}
Potions
 e - a potion of enlightenment


   Skills:
 + Level 3.3 Fighting
 * Level 4.8 Axes
 + Level 2.2 Armour
 + Level 1.6 Dodging
 + Level 1.2 Stealth
 + Level 1.2 Shields


You had 4 spell levels left.
You didn't know any spells.
Your spell library contained the following spells:

 Spells                   Type           Power      Damage    Failure   Level
 Ensorcelled Hibernation  Hex/Ice        0%         N/A       54%         2
 Call Canine Familiar     Summ           0%         N/A       77%         3
 Hailstorm                Conj/Ice       0%         3d5       77%         3
 Passwall                 Erth           0%         N/A       77%         3
 Sigil of Binding         Hex            0%         N/A       77%         3
 Summon Ice Beast         Ice/Summ       0%         N/A       77%         3
 Swiftness                Air            0%         N/A       77%         3
 Dimensional Bullseye     Hex/Tloc       0%         N/A       99%         4
 Sculpt Simulacrum        Ice/Alch       0%         N/A       100%        6


Dungeon Overview and Level Annotations

Branches:
Dungeon (4/15)
 Temple: D:4-7

Altars:
Ru

Annotations:
D:4 Grinder


Innate Abilities, Weirdness & Mutations

You are a tree.
Your roots penetrate the ground, keeping you stationary.
You cannot be teleported.
You are immune to unholy pain and torment.
Your maximum health is greatly increased.
Your equipment is partially melded.
A weak demonic guardian rushes to your aid.
((You have a small tail.))


Message History

You closely miss Grinder.
Grinder is heavily wounded.
Unknown command.
You hit Grinder.
Grinder seems to speed up.
Grinder is heavily wounded.
Grinder bites you but does no damage. You block Grinder's attack.
Unknown command.
You cannot move.
You catch Grinder completely off-guard!
You slash Grinder!
Grinder convulses!
Grinder is severely wounded.
Grinder seems less confused.
You block Grinder's attack. Grinder tramples you. Grinder bites you!
Grinder tramples you but does no damage.
Unknown command.
You are too injured to fight recklessly!
Unknown command.
You hit Grinder but do no damage.
Grinder is severely wounded.
Grinder bites you.
Grinder tramples you but does no damage.
Grinder bites you but does no damage. Grinder tramples you!
* * * LOW HITPOINT WARNING * * *
A demonic guardian appears!
You miss Grinder.
Grinder is severely wounded.
Grinder roars, "Fly, thou baffled idle-headed strumpet!"
You block Grinder's attack.
Grinder tramples you but does no damage.
Grinder bites you!
* * * LOW HITPOINT WARNING * * *
Grinder tramples you but does no damage.
Your quasit barely misses Grinder.
Your quasit closely misses Grinder.
Your quasit claws Grinder but does no damage.
You block Grinder's attack.
Grinder tramples you but does no damage.
It was a potion of attraction.
You feel attractive to monsters. Grinder bites you!
You die...
Xom is highly amused!

#.≈≈._.≈≈.# #.
#.≈≈...≈≈.# #.
#.≈.≈≈≈.≈.# #.
#.≈.....≈.# ###.
##..≈≈≈≈≈..# ...
#.########
#.####.###.######
.......25.........
.#.#..♣##.#######
#...##.#
.........#
##(#.###### .. ..
#. .#. # #.# #


You could see Grinder the hell beast (fast, ally target) and a friendly quasit
(summoned).

Vanquished Creatures
  2 wargs (D:4)
  An orc wizard (D:4)
  4 dart slugs
  3 orcs (D:4)
  8 endoplasms
  3 giant cockroaches
  5 goblins
  6 hobgoblins
  3 jackals
  3 quokkas
  4 ball pythons
  6 bats
  3 frilled lizards
  6 kobolds
  3 rats
60 creatures vanquished.

Vanquished Creatures (collateral kills)
  A bat (D:2)
1 creature vanquished.

Grand Total: 61 creatures vanquished

Notes
Turn   | Place    | Note
-------+----------+-------------------------------------------
     0 | D:1      | JaredAshtonScott the Demonspawn Chaos Knight began the
                  | quest for the Orb.
     0 | D:1      | Reached XP level 1. HP: 18/18 MP: 1/1
   105 | D:1      | Reached skill level 3 in Axes
   211 | D:1      | Gained mutation: You have a small tail. [demonic ancestry]
   211 | D:1      | Reached XP level 2. HP: 13/24 MP: 2/2
   492 | D:1      | XOM: 1-stop teleportation journey
  1031 | D:2      | XOM: summons friendly shadow imp
  1033 | D:2      | Reached XP level 3. HP: 29/29 MP: 3/3
  1213 | D:2      | XOM: scenery: summon butterflies
  1230 | D:2      | Reached skill level 4 in Axes
  1837 | D:3      | XOM: 2-stop teleportation journey
  1892 | D:3      | Reached skill level 1 in Dodging
  2373 | D:3      | Gained mutation: A weak demonic guardian rushes to your
                  | aid. [demonic ancestry]
  2373 | D:3      | Reached XP level 4. HP: 35/35 MP: 4/4
  2386 | D:3      | XOM: silly message
  2434 | D:3      | XOM: stat loss: -1 Str (19/20)
  2484 | D:4      | Found a sacrificial altar of Ru.
  2491 | D:4      | a hound changed into a warg
  2491 | D:4      | Noticed a warg
  2491 | D:4      | XOM: polymorph hound -> warg
  2495 | D:4      | XOM: butterfly on damage
  2503 | D:4      | Killed a warg
  2504 | D:4      | Reached skill level 1 in Stealth
  2504 | D:4      | Reached skill level 1 in Shields
  2504 | D:4      | Reached XP level 5. HP: 5/41 MP: 5/5
  2572 | D:4      | Noticed Grinder
  2578 | D:4      | Grinder changed into Grinder the hell beast
  2578 | D:4      | Noticed Grinder
  2588 | D:4      | HP: 2/61 [Grinder the hell beast (8)]
  2589 | D:4      | Mangled by Grinder the hell beast

Illustrated notes

Levels and vault maps discovered:
D:1:      minmay_arrival_stone_box, layout_loops_corners, minmay_pentomino_v4
D:2:      layout_rooms, nicolae_figureground_sparkle
D:3:      layout_loops_ring, minivault_27
D:4:      layout_basic, mainiacjoe_overflow_paths, temple_statues,
          minmay_misc_feat_enclosed, uniq_grinder

Skill      XL: |  1  2  3  4 |
---------------+-------------+-----
Axes           | 3 4 |  4.8
Dodging        | 1 |  1.6
Armour         | 2 |  2.2
Stealth        | 1 |  1.2
Shields        | 1 |  1.2
Fighting       | |  3.3

Action                     |  1- 3 |  4- 6 || total
---------------------------+-------+-------++-------
  Melee: Hand axe          |   150 |    30 ||   180
         Tailslap          |    14 |     5 ||    19
         Punch             |     2 |       ||     2
    Use: Scroll            |     3 |       ||     3
         Potion            |       |     5 ||     5
   Stab: Petrified         |       |     3 ||     3
         Confused          |       |     1 ||     1
 Armour: Leather armour    |    84 |    10 ||    94
         Skin              |       |    23 ||    23
  Dodge: Dodged            |    79 |    12 ||    91
  Block: Buckler           |     7 |     8 ||    15
